 Dungeon Crawl Stone Soup version 0.18-a0-912-g81d1dc4 (webtiles) character file.

702157 st0uf the Swordmaster (level 27, -21/208 HPs)
             Began as a Minotaur Fighter on Dec 24, 2015.
             Was the Champion of Lugonu.
             Demolished by an iron giant
             ... wielding a +0 giant club
              (45 damage)
             ... in the Vestibule of Hell on Dec 25, 2015.
             The game lasted 11:34:05 (91775 turns).

st0uf the Swordmaster (Minotaur Fighter)           Turns: 91775, Time: 11:34:05

Health: -21/208    AC: 35    Str: 38    XL:     27
Magic:  35/35      EV: 17    Int:  8    God:    Lugonu [******]
Gold:   4800       SH: 22    Dex: 10    Spells: 1 memorised, 25 levels left

rFire  + + .     SeeInvis .     E - +9 long sword (holy)
rCold  + + +     Gourm    +     B - +4 gold dragon armour
rNeg   + . .     Faith    .     Z - +2 shield {rN+}
rPois  +         Spirit   .     W - +1 hat
rElec  +         Dismiss  .     x - +2 cloak of Starlight {rElec rC+ EV+4 Stlth--}
rCorr  .         Reflect  .     T - +3 pair of gauntlets of War {Slay+5}
SustAt +         Harm     .     J - +2 pair of boots "Ohal" {MR++ Str+2}
MR     +++++                    P - amulet "Xearchou" {Gourm rF+ rC+ Int+4}
Stlth  ..........               k - ring of sustain attributes
                                X - ring of Lych {MR+ Str+5 Stlth+}

@: almost entirely resistant to hostile enchantments, extremely unstealthy
A: retaliatory headbutt, hooves 1, horns 2, clumsy 1, deformed body, dopey 1,
frail 2, screaming 1
a: Depart the Abyss, Bend Space, Banish, Corrupt, Enter the Abyss, Renounce
Religion
}: 5/15 runes: decaying, serpentine, slimy, silver, golden


You were in the Vestibule of Hell.
You worshipped Lugonu.
Lugonu was exalted by your worship.
You were hungry.

You visited 13 branches of the dungeon, and saw 56 of its levels.
You visited the Abyss 3 times.
You also visited: Bailey and Ice Cave.

You collected 10177 gold pieces.
You spent 5377 gold pieces at shops.

Inventory:

Hand Weapons
 E - a +9 long sword of holy wrath (weapon)
 O - a +9 long sword of distortion
Missiles
 b - 10 javelins (quivered)
Armour
 x - the +2 cloak of Starlight (worn) {rElec rC+ EV+4 Stlth--}
   (You bought it in a shop on level 2 of the Orcish Mines)

   It affects your evasion (+4).
   It protects you from cold.
   It insulates you from electricity.
   It makes you much less stealthy.
 B - a +4 gold dragon armour (worn)
 C - a +0 large shield
 J - the +2 pair of boots "Ohal" (worn) {MR++ Str+2}
   (You found it on level 1 of the Vaults)

   It affects your strength (+2).
   It affects your resistance to hostile enchantments.
 T - the +3 pair of gauntlets of War (worn) {Slay+5}
   (You found it on level 3 of the Tomb of the Ancients)

   It affects your accuracy and damage with ranged weapons and melee attacks
   (+5).
 W - a +1 hat (worn)
 Z - a +2 shield of positive energy (worn)
Rods
 o - a +4 rod of destruction (14/14)
   (You found it on level 3 of the Elven Halls)
 I - a +1 rod of shadows (14/14)
   (You found it on level 3 of the Elven Halls)
 R - a +3 rod of ignition (11/11)
   (You took it off a deep elf annihilator on level 5 of the Vaults)
Jewellery
 k - a ring of sustain attributes (right hand)
 l - an uncursed ring of see invisible
 n - the ring of Yendor {rC+ rN+ Slay+3}
   (You found it on level 3 of the Crypt)

   [ring of positive energy]

   It affects your accuracy and damage with ranged weapons and melee attacks
   (+3).
   It protects you from cold.
   It protects you from negative energy.
 t - the ring of Sin {+Fly Dex+6 Slay+3}
   (You found it on level 5 of the Lair of Beasts)

   [ring of flight]

   It affects your dexterity (+6).
   It affects your accuracy and damage with ranged weapons and melee attacks
   (+3).
   It lets you fly.
 w - an uncursed ring of teleportation
 P - the amulet "Xearchou" (around neck) {Gourm rF+ rC+ Int+4}
   (You found it on level 3 of the Tomb of the Ancients)

   [amulet of the gourmand]

   It allows you to eat raw meat even when not hungry.
   It affects your intelligence (+4).
   It protects you from fire.
   It protects you from cold.
 Q - an uncursed amulet of regeneration
 X - the ring of Lych (left hand) {MR+ Str+5 Stlth+}
   (You found it on level 3 of the Tomb of the Ancients)

   [ring of strength]

   It affects your strength (+5).
   It affects your resistance to hostile enchantments.
   It makes you more stealthy.
Wands
 L - a wand of hasting (6/9)
 V - a wand of digging (12/24)
Scrolls
 a - 3 scrolls of magic mapping
 j - 8 scrolls of fog
 r - a scroll of blinking
 y - 12 scrolls of teleportation
 D - 7 scrolls of identify
 G - 19 scrolls of remove curse
 H - 5 scrolls of fear
Potions
 d - 7 potions of might
 g - a potion of cancellation
 h - 3 potions of resistance
 m - 15 potions of curing
 p - 12 potions of agility
 A - 2 potions of ambrosia
 N - 2 potions of heal wounds
 U - 4 potions of haste
Miscellaneous
 c - a phial of floods
 e - the horn of Geryon
 i - a box of beasts
 u - a lamp of fire
 z - 2 phantom mirrors
Comestibles
 f - 22 fruits


   Skills:
 + Level 24.1 Fighting
 O Level 27 Long Blades
 + Level 4.6 Throwing
 + Level 21.2 Armour
 + Level 12.6 Dodging
 O Level 27 Shields
 + Level 3.5 Invocations
 + Level 18.1 Evocations


You had 25 spell levels left.
You knew the following spells:

 Your Spells              Type           Power        Failure   Level  Hunger
a - Apportation           Tloc           #.........   99%         1    ##.....


Dungeon Overview and Level Annotations

Branches:
Dungeon (15/15)            Temple (0/1) D:5            Lair (8/8) D:10
  Swamp (4/4) Lair:4        Snake (4/4) Lair:5        Slime (6/6) Lair:8
    Orc (2/2) D:12            Elf (3/3) Orc:2        Vaults (5/5) D:14
  Crypt (3/3) Vaults:3       Tomb (3/3) Crypt:3      Depths (1/5) D:15
   Hell (1/1)                 Dis (1/7) Hell            Nor (0/7) Hell
    Geh: Hell:1         Tar: Hell:1

Altars:
Ashenzari
Cheibriados
Dithmenos
Fedhas
Gozag
Kikubaaqudgha
Makhleb
Okawaru
Qazlal
Ru
Vehumet
Xom
Beogh
Jiyva
Lugonu

Shops:
D:5 (   D:10 =   Orc:2 (?[:   Elf:2 ((   Snake:4 *?   Vaults:3 (([!

Portals:
Hell: Depths:1

Annotations:
Slime:6 corrupted
Tomb:2 corrupted
Abyss:1 Royal Jelly


Innate Abilities, Weirdness & Mutations

You reflexively headbutt those who attack you in melee.
You have a pair of horns on your head.
You have large cloven feet.
You are clumsy. (Dex -2)
Armour fits poorly on your strangely shaped body.
You are dopey. (Int -2)
You are very frail (-20% HP).
You occasionally shout uncontrollably at your foes.


Message History

The iron giant throws you! The iron giant throws iron shot at you.
The iron shot misses you.
You see here a dire flail.
The iron giant throws you!
You see here a dire flail.
You slice the iron giant!! You headbutt the iron giant.
The iron giant is lightly wounded.
You are feeling hungry.
You slice the iron giant!!
The iron giant is moderately wounded.
The iron giant throws you!
You slash the iron giant!
The iron giant is moderately wounded.
The iron giant throws you!
* * * LOW HITPOINT WARNING * * *
Drink which item? (? for menu, Esc to quit)
You feel much better.
The iron giant hits you with a giant club!!!
You die...

#################################
#....8#.......#8∩8#.......#8....#
#....'...8...#).)#...8...#....#
##...#.......#...#.......#...#
##..######†##.C.#'####'##..#
##.....8#..#.@.#..#8.....##
##.....#..'...#..#.....##
##....#..#####..#....##
##...#..#...'..#...##
##..####..)####..##
##...8#...#8...## ##...#'###...##
##..8...8..## ##.......##


You could see an iron giant.

Vanquished Creatures
  Dissolution (Slime:3)
  Khufu (Tomb:2)
  4 ancient liches
  29 greater mummies
  A curse toe (Crypt:3)
  Geryon (Hell)
  2 golden dragons
  6 liches
  A bone dragon (Crypt:3)
  Rupert (D:13)
  2 titans
  3 deep elf blademasters (Elf:3)
  A deep elf master archer (Elf:3)
  A quicksilver dragon (shapeshifter) (Vaults:4)
  18 acid blobs
  An eldritch tentacle (Tomb:2)
  Frances (D:13)
  7 sphinxes
  7 shadow dragons
  9 ancient champions
  A thorn hunter (Swamp:4)
  7 tengu reavers
  Roxanne (Elf:3)
  3 revenants
  13 greater nagas
  13 azure jellies
  2 storm dragons
  5 frost giants
  8 fire giants
  3 orc warlords
  7 deep elf sorcerers (Elf:3)
  Maud (Lair:8)
  The ghost of PeterLawrence the Fighter, an adept GrFi of Okawaru (D:12)
  The ghost of Chiseanne the Ninja, an adept SpAs of Gozag (Snake:4)
  Louise (Swamp:3)
  3 iron dragons
  A caustic shrike zombie (Crypt:2)
  A balrug (Hell)
  The ghost of Voda the Nimble, a journeyman DDMo of Makhleb (Orc:2)
  20 vault wardens
  A war gargoyle (Vaults:4)
  5 curse skulls
  4 deep elf elementalists
  7 ghouls
  3 very ugly things
  5 vampire knights
  17 ironheart preservers
  9 deep elf demonologists
  4 reapers (Hell)
  19 stone giants
  4 bennus
  A salamander stormcaller (Hell)
  A lorocyproca (Hell)
  The ghost of crawlian the Earth Mage, a journeyman DEEE of Sif Muna (Swamp:1)
  The ghost of conein the Eclecticist, a journeyman DEWz of Vehumet (Swamp:4)
  17 deep elf annihilators
  10 ettins
  The ghost of Chiseanne the Ninja, a journeyman SpAs of Gozag (Swamp:1)
  A spark wasp (Depths:1)
  9 deep elf death magi
  Snorg (Lair:4)
  2 crystal guardians
  6 eidola
  19 jiangshi
  33 vault guards
  5 deep elf high priests
  Josephine (Lair:4)
  15 mummy priests
  2 quicksilver dragon zombies
  3 fire dragons
  4 death oozes (Slime:6)
  10 yaktaur captains
  Harold (Lair:4)
  2 ice dragons
  3 rakshasas
  Erolcha (Orc:2)
  19 hydras
  18 naga warriors
  8 anacondas
  2 quicksilver dragon skeletons
  7 great orbs of eyes
  10 alligators
  2 death knights
  5 ghost crabs
  12 ogre magi
  11 centaur warriors
  30 dancing weapons
  A queen ant (Lair:5)
  A thrashing horror (Abyss:4)
  4 deep troll shamans
  17 death yaks
  A deep troll earth mage (D:13)
  A tengu warrior (D:13)
  Urug (Lair:2)
  An orc high priest (Vaults:4)
  9 shock serpents
  19 naga sharpshooters
  A vampire mage (Crypt:2)
  3 small abominations
  2 hell hogs (Hell)
  Nergalle (Orc:2)
  3 sun demons (Hell)
  5 soul eaters
  An iron golem (Hell)
  A titan skeleton (Tomb:1)
  25 deep elf knights
  4 shadow wraiths
  5 fire crabs
  The ghost of Voda the Chiller, a novice NaIE of Cheibriados (Bailey)
  45 skeletal warriors
  2 fire crabs (shapeshifter)
  3 salamander mystics (Snake:4)
  2 wizards
  4 flayed ghosts
  2 ghost moth zombies
  3 spriggan druids
  An anaconda zombie (Hell)
  11 naga ritualists
  10 phantasmal warriors
  18 deep elf archers
  44 death scarabs
  9 deep trolls
  8 swamp dragons
  2 shambling mangroves (Swamp:4)
  A giant orange brain (Slime:5)
  16 ironbrand convokers
  6 hill giants
  12 anubis guards
  Pikel (D:8)
  3 unseen horrors
  5 necromancers
  2 golden dragon skeletons
  An anaconda skeleton (Hell)
  A wolf spider zombie (D:14)
  4 manticores
  An oklob plant (Lair:6)
  20 orc knights
  5 wolf spiders
  8 shining eyes
  11 mana vipers
  A cyclops (shapeshifter) (Vaults:5)
  2 harpies (shapeshifter)
  3 fire giant zombies
  75 deep elf magi
  4 griffons
  12 orc sorcerers
  A frost giant zombie (Tomb:3)
  3 hornets
  2 rust devils (Hell)
  20 salamanders
  33 ugly things
  36 black mambas
  A stone giant zombie (Vaults:1)
  6 cyclopes
  4 eyes of devastation
  32 naga magi
  An ice statue (IceCv)
  A smoke demon (Depths:1)
  11 elephants
  A gargoyle (D:14)
  4 guardian serpents
  7 harpies
  An elephant (shapeshifter) (Vaults:5)
  2 guardian serpents (shapeshifter) (Vaults:5)
  28 spiny frogs
  18 vault sentinels
  A frost giant skeleton (Tomb:1)
  A torpor snail (Lair:5)
  A shock serpent zombie (Crypt:2)
  A yaktaur (shapeshifter) (Vaults:2)
  A shock serpent skeleton (Crypt:3)
  48 yaktaurs
  10 komodo dragons
  A human zombie (Vaults:5)
  2 orange demons
  The ghost of Uberwunderbarhen the Insei, a novice OpTm of Makhleb (D:5)
  A kobold demonologist (D:11)
  An elf zombie (Vaults:5)
  A hellion (Hell)
  A tengu conjurer (D:13)
  An iron troll zombie (Crypt:3)
  A demonic crawler (Hell)
  2 human skeletons
  43 guardian mummies
  7 fire drakes
  An entropy weaver zombie (Crypt:3)
  A jumping spider (Vaults:3)
  2 yellow draconian skeletons
  A hydra zombie (Hell)
  10 freezing wraiths
  A green draconian skeleton (Crypt:3)
  21 two-headed ogres
  8 ice devils
  A tormentor (Hell)
  21 blink frogs
  2 iron troll skeletons (Crypt:3)
  A red devil (Hell)
  A jumping spider (shapeshifter) (Vaults:3)
  A two-headed ogre (shapeshifter) (Vaults:4)
  Prince Ribbit (D:8)
  3 giant leeches
  9 trolls
  109 slime creatures
  2 trapdoor spider zombies
  11 bog bodies
  19 polar bears
  A guardian serpent zombie (Crypt:1)
  10 boulder beetles
  A hydra skeleton (Hell)
  A stone giant simulacrum (Vaults:1)
  22 ushabtiu
  Sigmund (D:4)
  4 wyverns
  9 redbacks
  8 spriggans
  32 flying skulls
  79 yaks
  A trapdoor spider (D:14)
  15 water moccasins
  A griffon skeleton (Crypt:2)
  A tarantella (Vaults:4)
  5 water elementals
  2 hungry ghosts
  An alligator skeleton (Hell)
  4 air elementals
  2 shadows
  A black mamba skeleton (Tomb:1)
  13 wraiths
  12 hippogriffs
  A hill giant zombie (Crypt:1)
  9 fire elementals
  11 wasps
  5 basilisks
  2 golden eyes (Slime:6)
  A wind drake skeleton (Crypt:1)
  A steam dragon (D:12)
  37 vampire mosquitoes
  5 wargs
  12 insubstantial wisps
  22 wolves
  A hydra simulacrum (Hell)
  3 mottled dragons
  45 orc warriors
  20 swamp worms
  7 porcupines
  A slave (D:8)
  9 soldier ants
  53 nagas
  9 hell hounds
  A merfolk skeleton (Tomb:1)
  11 swamp drakes
  6 eyes of draining
  6 ice beasts
  A swamp dragon zombie (Tomb:1)
  4 sky beasts
  An elf simulacrum (Vaults:5)
  57 ogres
  A black bear (Lair:7)
  5 necrophages
  A phantom (D:4)
  6 boggarts (Vaults:3)
  16 centaurs
  16 crocodiles
  11 big kobolds
  32 giant frogs
  A fire crab zombie (Crypt:2)
  An earth elemental (Elf:1)
  Blork the orc (D:4)
  A wyvern zombie (D:8)
  A water moccasin skeleton (Crypt:3)
  A yaktaur skeleton (Vaults:1)
  A cyclops skeleton (Crypt:3)
  2 scorpions
  A wyvern skeleton (D:14)
  2 boulder beetle zombies
  8 electric eels
  A troll skeleton (Crypt:2)
  16 killer bees
  An orc simulacrum (Vaults:1)
  42 wights
  A human simulacrum (Vaults:1)
  2 giant frog zombies
  7 hounds
  22 orc priests
  2 centaur zombies
  A wasp zombie (D:8)
  11 centaur skeletons
  40 jellies
  7 crimson imps
  2 giant frog skeletons
  9 iguanas
  5 hell rats
  35 orc wizards
  7 iron imps
  5 polar bear simulacra (Lair:6)
  37 worker ants
  2 yak simulacra (Lair:6)
  2 wolf simulacra (Lair:6)
  A porcupine skeleton (Crypt:2)
  19 sheep
  A killer bee zombie (D:9)
  A crocodile skeleton (Crypt:1)
  A naga skeleton (Crypt:3)
  A hound zombie (D:6)
  67 mummies
  A worker ant zombie (D:5)
  10 gnolls
  65 river rats
  A shadow imp (D:15)
  12 adders
  An iguana skeleton (Crypt:2)
  An ooze (D:1)
  3 worms (D:2)
  5 giant geckos
  89 orcs
  6 giant cockroaches
  10 hobgoblins
  6 jackals
  44 kobolds
  4 quokkas
  A ball python (D:1)
  5 bats
  A giant cockroach zombie (D:6)
  3 giant gecko skeletons
  5 giant newts
  18 goblins
  A jackal skeleton (D:4)
  A jackal zombie (D:9)
  A quokka skeleton (D:6)
  A quokka zombie (D:9)
  13 rats
  2 river rat simulacra (Lair:6)
  2 briar patches (Swamp:4)
  A fungus (Lair:6)
  A plant (Lair:6)
  A starspawn tentacle (Slime:6)
2908 creatures vanquished.

Vanquished Creatures (collateral kills)
  2 acid blobs (Slime:6)
  2 ushabtiu
  6 slime creatures (Slime:6)
  A jelly (Slime:6)
11 creatures vanquished.

Vanquished Creatures (others)
  2 liches
  A revenant (Tomb:2)
  A fire giant (Depths:1)
  4 bennus (Tomb:2)
  2 deep elf high priests
  A mummy priest (Tomb:2)
  2 hydras
  A dancing weapon (Vaults:5)
  A soul eater (Hell)
  A deep elf knight (Elf:2)
  A giant orange brain (Slime:6)
  38 death scarabs
  2 harpies (Vaults:1)
  A deep elf mage (Elf:1)
  2 ugly things (Swamp:1)
  A stone giant skeleton (Tomb:2)
  2 black mambas
  An orange demon (Hell)
  A guardian mummy (Tomb:2)
  7 slime creatures
  5 flying skulls (Tomb:3)
  A spriggan (shapeshifter) (D:15)
  A wolf (IceCv)
  2 slaves (D:8)
  A wasp (Swamp:1)
  An ogre (Vaults:5)
  A jelly (Slime:6)
  2 mummies (Tomb:2)
  A worm (D:8)
  3 orcs (Vaults:4)
  A briar patch (Swamp:4)
  6 eldritch tentacle segments (Tomb:2)
  A fire vortex (Hell)
  31 fungi
  6 lost souls
  28 plants
  2 starspawn tentacles (Slime:6)
  14 starspawn tentacle segments (Slime:6)
179 creatures vanquished.

Grand Total: 3098 creatures vanquished

Notes
Turn   | Place    | Note
--------------------------------------------------------------
     0 | D:1      | st0uf the Minotaur Fighter began the quest for the Orb.
     0 | D:1      | Reached XP level 1. HP: 19/19 MP: 0/0
   109 | D:1      | Reached XP level 2. HP: 27/27 MP: 1/1
   194 | D:1      | Reached skill level 4 in Shields
   776 | D:2      | Reached XP level 3. HP: 33/33 MP: 2/2
  1286 | D:2      | Reached XP level 4. HP: 40/40 MP: 3/3
  2145 | D:3      | Reached skill level 5 in Armour
  2163 | D:3      | Reached skill level 1 in Dodging
  2170 | D:3      | Reached XP level 5. HP: 34/46 MP: 4/4
  2285 | D:3      | Found a stormy altar of Qazlal.
  2699 | D:4      | Noticed Sigmund
  2729 | D:4      | Found a shadowy altar of Dithmenos.
  2748 | D:4      | Noticed Blork the orc
  2797 | D:4      | Killed Blork the orc
  2948 | D:4      | Reached XP level 6. HP: 43/53 MP: 5/5
  3011 | D:4      | Reached skill level 5 in Shields
  3155 | D:4      | Reached skill level 5 in Fighting
  3427 | D:4      | Cast into level 1 of the Abyss (Sigmund)
  3427 | Abyss:1  | Found a corrupted altar of Lugonu.
  3437 | Abyss:1  | Became a worshipper of Lugonu the Unformed
  3437 | Abyss:1  | Reached * piety under Lugonu
  3489 | D:4      | Escaped the Abyss
  3618 | D:4      | Killed Sigmund
  3618 | D:4      | Reached skill level 6 in Armour
  3618 | D:4      | Reached XP level 7. HP: 52/61 MP: 6/6
  3988 | D:5      | Entered Level 5 of the Dungeon
  4004 | D:5      | Found a snail-covered altar of Cheibriados.
  4137 | D:5      | Found a staircase to the Ecumenical Temple.
  4144 | D:5      | Noticed Uberwunderbarhen's ghost (novice OpTm)
  4158 | D:4      | Reached skill level 5 in Long Blades
  4355 | D:5      | Found Otsoj's Antique Weapon Emporium.
  4437 | D:5      | Found a shimmering altar of Xom.
  4440 | D:5      | Found a sacrificial altar of Ru.
  4441 | D:5      | Found a burning altar of Makhleb.
  4454 | D:5      | Reached skill level 7 in Armour
  4460 | D:5      | Reached XP level 8. HP: 42/70 MP: 7/7
  4635 | D:5      | Killed Uberwunderbarhen's ghost
  5348 | D:6      | Got a dazzling chain mail
  5359 | D:6      | Identified the +3 chain mail "Yhotecits" {+Inv rF+ Int+4 SInv} (You found it on level 6 of the Dungeon)
  5784 | D:6      | Reached skill level 8 in Armour
  5980 | D:6      | Reached ** piety under Lugonu
  6448 | D:7      | Reached XP level 9. HP: 63/78 MP: 8/8
  6680 | D:7      | Reached skill level 5 in Dodging
  6943 | D:8      | Found a shadowy altar of Dithmenos.
  7003 | D:8      | Noticed Prince Ribbit
  7107 | D:8      | Noticed Pikel
  7128 | D:8      | Killed Prince Ribbit
  7128 | D:8      | Reached skill level 9 in Armour
  7144 | D:8      | Killed Pikel
  7321 | D:8      | Reached *** piety under Lugonu
  7502 | D:8      | Reached XP level 10. HP: 88/88 MP: 9/9
  8274 | D:8      | Reached **** piety under Lugonu
  8794 | D:8      | Reached skill level 10 in Armour
  9183 | D:9      | Found an iron altar of Okawaru.
  9183 | D:9      | Found an opulent altar of Gozag.
  9237 | D:9      | Reached skill level 10 in Shields
  9273 | D:10     | Entered Level 10 of the Dungeon
  9443 | D:10     | Noticed a deep elf mage
  9453 | D:10     | Killed a deep elf mage
  9547 | D:10     | Found Niyfrouz's Jewellery Shop.
  9549 | D:10     | Found a staircase to the Lair.
  9558 | D:10     | Reached skill level 10 in Long Blades
  9642 | D:10     | Found a flagged portal.
  9653 | Bailey   | Entered a bailey
  9653 | Bailey   | Noticed Voda's ghost (novice NaIE)
  9688 | Bailey   | Killed Voda's ghost
  9688 | Bailey   | Reached XP level 11. HP: 13/97 MP: 10/10
 10018 | Bailey   | Reached ***** piety under Lugonu
 10700 | Bailey   | Reached skill level 1 in Throwing
 11276 | D:10     | Bought an uncursed ring of poison resistance for 340 gold pieces
 11954 | D:10     | Reached skill level 11 in Armour
 11964 | D:10     | Got a transparent ivory ring
 11966 | D:10     | Identified the ring of Naej {rElec rN+ MR- Str+4} (You found it on level 10 of the Dungeon)
 12078 | Lair:1   | Entered Level 1 of the Lair of Beasts
 12989 | Lair:1   | Reached skill level 10 in Fighting
 13140 | Lair:2   | Reached ****** piety under Lugonu
 13177 | Lair:2   | Noticed Urug
 13199 | Lair:2   | Killed Urug
 14018 | Lair:3   | Reached XP level 12. HP: 59/108 MP: 11/11
 14283 | Lair:3   | Reached skill level 12 in Long Blades
 14284 | Lair:3   | Identified a +7 long sword of distortion (a +5 long sword corrupted by Lugonu)
 14284 | Lair:3   | Received a gift from Lugonu
 14510 | Lair:3   | Got an ebony falchion
 14514 | Lair:3   | Identified the +10 falchion of Incongruity {slice, rC+ rN+ Int+2} (You found it on level 3 of the Lair of Beasts)
 15356 | Lair:4   | Found a staircase to the Swamp.
 15400 | Lair:4   | Reached skill level 1 in Evocations
 15414 | Lair:4   | Reached skill level 13 in Long Blades
 15697 | Lair:4   | Noticed Snorg
 15710 | Lair:4   | Killed Snorg
 15954 | Lair:4   | Noticed Josephine
 16027 | Lair:4   | Killed Josephine
 16129 | Lair:4   | Noticed Harold
 16139 | Lair:4   | Killed Harold
 16190 | Lair:2   | Reached XP level 13. HP: 111/116 MP: 14/14
 16756 | Lair:5   | Found a staircase to the Snake Pit.
 16995 | Lair:5   | Reached skill level 14 in Long Blades
 17199 | Lair:5   | Reached skill level 5 in Evocations
 17306 | Lair:5   | Got a faintly glowing tin ring
 17332 | Lair:5   | Identified the ring of Sin {+Fly Dex+6 Slay+3} (You found it on level 5 of the Lair of Beasts)
 18771 | Lair:7   | Reached XP level 14. HP: 127/127 MP: 17/17
 19419 | Lair:8   | Entered Level 8 of the Lair of Beasts
 19470 | Lair:8   | Found a viscous altar of Jiyva.
 19470 | Lair:8   | Found a staircase to the Slime Pits.
 19488 | Lair:8   | Reached skill level 15 in Long Blades
 20518 | Lair:8   | Noticed Maud
 20529 | Lair:8   | Killed Maud
 20971 | Lair:8   | Identified Nyharchoe's Handbook of the Dark Entourage
 22002 | D:11     | Found a shadowy altar of Dithmenos.
 22550 | D:12     | Reached skill level 15 in Shields
 22594 | D:12     | Noticed PeterLawrence's ghost (adept GrFi)
 22631 | D:12     | Killed PeterLawrence's ghost
 22631 | D:12     | Reached skill level 16 in Long Blades
 22903 | D:12     | Reached XP level 15. HP: 128/136 MP: 19/19
 23072 | D:12     | Found a staircase to the Orcish Mines.
 23294 | Orc:1    | Entered Level 1 of the Orcish Mines
 23295 | Orc:1    | Found a roughly hewn altar of Beogh.
 23566 | Orc:2    | Entered Level 2 of the Orcish Mines
 23566 | Orc:2    | Noticed Voda's ghost (journeyman DDMo)
 23611 | Orc:2    | Killed Voda's ghost
 23746 | Orc:2    | Found a staircase to the Elven Halls.
 23992 | Orc:2    | Found Pamed's Book Shop.
 24016 | Orc:2    | Found Afaewnat's Antique Weapon Boutique.
 24079 | Orc:2    | Found an ancient bone altar of Kikubaaqudgha.
 24080 | Orc:2    | Noticed Nergalle
 24093 | Orc:2    | Killed Nergalle
 24188 | Orc:2    | Noticed Erolcha
 24196 | Orc:2    | Killed Erolcha
 24200 | Orc:2    | Found a radiant altar of Vehumet.
 24247 | Orc:2    | Found a roughly hewn altar of Beogh.
 24263 | Orc:2    | Found Wofer's Antique Armour Boutique.
 24269 | Orc:2    | Found Hifux's Magic Scroll Shop.
 24282 | Orc:2    | Bought a scroll of identify for 26 gold pieces
 24282 | Orc:2    | Bought a scroll of teleportation for 39 gold pieces
 24282 | Orc:2    | Bought a scroll of teleportation for 39 gold pieces
 24282 | Orc:2    | Bought 3 scrolls of identify for 78 gold pieces
 24444 | Orc:2    | Found a burning altar of Makhleb.
 25172 | Lair:1   | Gained mutation: You are robust (+10% HP). [potion of beneficial mutation]
 25350 | D:13     | Found a frozen archway.
 25358 | D:13     | Noticed Frances
 25386 | D:13     | Killed Frances
 25474 | IceCv    | Entered an ice cave
 26260 | IceCv    | Got an ichor-stained leather armour
 26376 | D:13     | Noticed a tengu reaver
 26391 | D:13     | Killed a tengu reaver
 26424 | D:13     | Noticed Rupert
 26450 | D:13     | Killed Rupert
 26450 | D:13     | Reached skill level 17 in Long Blades
 26662 | D:13     | Identified the cursed +0 leather armour "Ficweiha" {*Contam MR+ SInv} (You found it in an ice cave)
 26688 | D:13     | Gained mutation: You occasionally shout uncontrollably at your foes. [mutagenic glow]
 26996 | D:13     | Found a shattered altar of Ashenzari.
 27533 | D:14     | Reached XP level 16. HP: 161/161 MP: 21/21
 27736 | D:14     | Found a gate to the Vaults.
 28138 | D:14     | You fall through a shaft!
 28138 | D:15     | Entered Level 15 of the Dungeon
 28841 | D:15     | Found a blossoming altar of Fedhas.
 29165 | D:15     | Found a staircase to the Depths.
 29972 | Snake:1  | Entered Level 1 of the Snake Pit
 31663 | Snake:2  | Reached skill level 15 in Fighting
 32151 | Snake:2  | Reached skill level 18 in Long Blades
 32465 | Snake:3  | Reached skill level 10 in Evocations
 32623 | Snake:3  | Reached XP level 17. HP: 171/171 MP: 23/23
 32734 | Snake:3  | Got an ancient morningstar
 33235 | Snake:4  | Entered Level 4 of the Snake Pit
 33235 | Snake:4  | Noticed Chiseanne's ghost (adept SpAs)
 33523 | Snake:3  | Reached skill level 10 in Dodging
 34131 | Snake:4  | Found Muvue's Assorted Antiques.
 34248 | Snake:4  | Killed Chiseanne's ghost
 34285 | Snake:4  | Bought a scroll of identify for 52 gold pieces
 34632 | Snake:4  | Found a snail-covered altar of Cheibriados.
 36515 | Snake:4  | Found Ruituf's Magic Scroll Shop.
 36545 | Snake:4  | Bought a scroll of acquirement for 780 gold pieces
 36545 | Snake:4  | Bought a scroll of identify for 30 gold pieces
 37161 | Snake:4  | Reached skill level 15 in Armour
 38030 | Snake:4  | Reached skill level 19 in Long Blades
 38032 | Snake:4  | Reached XP level 18. HP: 164/182 MP: 25/25
 39194 | Snake:4  | Identified the +10 morningstar of Sasurumn {venom, +Blink Str-2 Int+5 SInv} (You found it on level 3 of the Snake Pit)
 39196 | Snake:4  | Got a steaming double sword
 39197 | Snake:4  | Identified the +10 double sword "Aschiufu" {venom, *Contam rN+ Dex+7} (You acquired it on level 4 of the Snake Pit)
 39241 | Snake:4  | Got a serpentine rune of Zot
 39829 | Elf:1    | Entered Level 1 of the Elven Halls
 39922 | Elf:1    | Gained mutation: Potions and wands are less effective at restoring your health. [a neqoxec]
 40417 | Elf:1    | Identified the Volume of Attacks and Air
 41444 | Elf:2    | Found Juch's Antique Weapon Emporium.
 41724 | Elf:2    | Found a runed gate.
 41724 | Elf:2    | Found a runed gate.
 41724 | Elf:2    | Found a runed gate.
 41962 | Elf:2    | Found Ruid's Weapon Emporium.
 42426 | Elf:2    | Reached XP level 19. HP: 188/191 MP: 27/27
 43100 | Elf:2    | Reached skill level 20 in Long Blades
 43659 | Elf:3    | Entered Level 3 of the Elven Halls
 43666 | Elf:3    | Lost mutation: You occasionally shout uncontrollably at your foes. [potion of cure mutation]
 43666 | Elf:3    | Lost mutation: You are robust (+10% HP). [potion of cure mutation]
 43666 | Elf:3    | Lost mutation: Potions and wands are less effective at restoring your health. [potion of cure mutation]
 43921 | Elf:3    | Noticed Roxanne
 43952 | Elf:3    | Killed Roxanne
 44923 | Elf:3    | Cast into level 3 of the Abyss (a deep elf sorcerer)
 44923 | Abyss:3  | Found a corrupted altar of Lugonu.
 44934 | Abyss:3  | Noticed an ancient lich
 44948 | Abyss:3  | Killed an ancient lich
 44973 | Elf:3    | Escaped the Abyss
 45044 | Elf:3    | Reached skill level 1 in Invocations
 45263 | Elf:3    | Cast into level 4 of the Abyss (a deep elf sorcerer)
 45263 | Abyss:4  | Found a corrupted altar of Lugonu.
 45335 | Elf:3    | Escaped the Abyss
 45392 | Elf:3    | Got a heavily runed crystal amulet
 45445 | Elf:3    | Identified the amulet "Hasep" {+Rage rPois} (You took it off a deep elf elementalist on level 3 of the Elven Halls)
 45495 | Elf:3    | Got a twisted mace {flame}
 45496 | Elf:3    | Identified the +9 mace of Crystal {flame, MP-9 Str+3 Dex+3} (You took it off a deep elf elementalist on level 3 of the Elven Halls)
 45966 | Elf:3    | Reached XP level 20. HP: 65/184 MP: 28/28
 46132 | Elf:3    | Identified Ypaate's Guide on Damaging Flight (You found it on level 3 of the Elven Halls)
 46146 | Elf:3    | Identified the Collected Works on the Oath
 46177 | Elf:3    | Identified Siym Sie's Collected Works on Transformation and Intoxication
 46185 | Elf:3    | Identified A Thorough Guide to Rites and Rhymes
 46228 | Elf:3    | Identified a +1 rod of shadows (14/14) (You found it on level 3 of the Elven Halls)
 46253 | Elf:3    | Identified a +4 rod of destruction (14/14) (You found it on level 3 of the Elven Halls)
 46257 | Elf:3    | Got a smoking plate armour
 46258 | Elf:3    | Identified the +0 plate armour "Cayth" {rF+} (You found it on level 3 of the Elven Halls)
 46570 | Lair:1   | Reached XP level 21. HP: 189/194 MP: 29/29
 47261 | Swamp:1  | Entered Level 1 of the Swamp
 47400 | Swamp:1  | Noticed Chiseanne's ghost (journeyman SpAs)
 47419 | Swamp:1  | Got an ancient glass ring
 47420 | Swamp:1  | Identified the ring "Urel" {Str+2 Int+2} (You found it on level 1 of the Swamp)
 47443 | Swamp:1  | Noticed crawlian's ghost (journeyman DEEE)
 47504 | Swamp:1  | Killed crawlian's ghost
 47509 | Swamp:1  | Killed Chiseanne's ghost
 47811 | Swamp:1  | Got a pair of brightly glowing gloves
 47822 | Swamp:1  | Identified the +0 pair of gloves of Music {Dex+4} (You acquired it on level 1 of the Swamp)
 50005 | Swamp:3  | Noticed Louise
 50031 | Swamp:3  | Killed Louise
 50031 | Swamp:3  | Reached skill level 21 in Long Blades
 50536 | Swamp:4  | Entered Level 4 of the Swamp
 50557 | Swamp:4  | Noticed conein's ghost (journeyman DEWz)
 50563 | Swamp:4  | Killed conein's ghost
 50808 | Swamp:4  | HP: 5/195 [swamp worm (14)]
 51404 | Swamp:4  | Got a decaying rune of Zot
 52200 | Vaults:1 | Entered Level 1 of the Vaults
 53260 | Vaults:1 | Got a pair of smoking boots
 53271 | Vaults:1 | Identified the +2 pair of boots "Ohal" {MR++ Str+2} (You found it on level 1 of the Vaults)
 53441 | Vaults:1 | Got a smoking scale mail
 53442 | Vaults:1 | Identified the +1 scale mail of the Planets {+Fly rElec rPois Dex-5} (You acquired it on level 1 of the Vaults)
 53827 | Vaults:1 | Reached XP level 22. HP: 187/204 MP: 31/31
 55567 | Vaults:3 | Found a staircase to the Crypt.
 55583 | Vaults:3 | Reached skill level 22 in Long Blades
 56043 | Vaults:3 | Found Gozag's Antique Armour Emporium.
 56283 | Vaults:3 | Found an opulent altar of Gozag.
 56283 | Vaults:3 | Found Gozag's Antique Weapon Emporium.
 56339 | Vaults:3 | Found Gozag's Antique Weapon Shoppe.
 56350 | Vaults:3 | Bought a steaming falchion for 800 gold pieces
 56355 | Vaults:3 | Identified the +4 falchion "Plog" {freeze, rC- Str+6} (You bought it in a shop on level 3 of the Vaults)
 56509 | Vaults:3 | Found Leacrizi's Distillery.
 56514 | Vaults:3 | Bought a potion of heal wounds for 70 gold pieces
 57998 | Vaults:4 | Reached XP level 23. HP: 215/215 MP: 33/33
 58348 | Vaults:4 | Found a roughly hewn altar of Beogh.
 58807 | Vaults:5 | Entered Level 5 of the Vaults
 58863 | Vaults:4 | Reached skill level 15 in Evocations
 59578 | Vaults:5 | Reached skill level 23 in Long Blades
 60993 | Vaults:5 | Identified a +3 rod of ignition (11/11) (You took it off a deep elf annihilator on level 5 of the Vaults)
 61218 | Vaults:5 | Reached XP level 24. HP: 201/225 MP: 33/33
 61499 | Vaults:5 | Got a topaz-encrusted ring mail
 61500 | Vaults:5 | Identified the +1 ring mail of Plasticity {Dex+4} (You found it on level 5 of the Vaults)
 61612 | Vaults:5 | Got a faintly glowing golden ring
 61613 | Vaults:5 | Identified the ring "Lusitops" {*Drain +Fly rF+++ rC- rN++} (You took it off a deep elf demonologist on level 5 of the Vaults)
 61791 | Vaults:5 | Gained mutation: You tend to lose your temper in combat. [a shining eye]
 62205 | Vaults:5 | Got a silver rune of Zot
 62582 | Vaults:5 | Learned a level 1 spell: Apportation
 63253 | Vaults:5 | Got a scorched chain mail
 63254 | Vaults:5 | Identified the +3 chain mail of Impressiveness {Str+2} (You found it on level 5 of the Vaults)
 63595 | Vaults:5 | Reached skill level 24 in Shields
 64238 | Crypt:1  | Entered Level 1 of the Crypt
 65919 | Crypt:3  | Entered Level 3 of the Crypt
 66984 | Crypt:3  | Reached XP level 25. HP: 200/235 MP: 34/34
 67129 | Crypt:3  | Noticed an ancient lich
 67158 | Crypt:3  | Killed an ancient lich
 67182 | Crypt:3  | Got a flickering glass ring
 67182 | Crypt:3  | Got a scorched steel ring
 67187 | Crypt:3  | Identified the ring of Yendor {rC+ rN+ Slay+3} (You found it on level 3 of the Crypt)
 67188 | Crypt:3  | Identified the ring of Day {*Confuse rC+ rN+ Dex+4} (You found it on level 3 of the Crypt)
 67192 | Crypt:3  | Got a twitching steel ring
 67193 | Crypt:3  | Identified the ring of Izuhaczo {rElec rC+ rN+ Int+4} (You found it on level 3 of the Crypt)
 67203 | Crypt:3  | Identified the Guide on Lucky Conjuration (You found it on level 3 of the Crypt)
 67209 | Crypt:3  | Got an ancient scale mail
 67210 | Crypt:3  | Identified the cursed +0 scale mail of Instinct {Int+4} (You found it on level 3 of the Crypt)
 68251 | Crypt:3  | Found a staircase to the Tomb.
 68539 | Tomb:1   | Entered Level 1 of the Tomb of the Ancients
 68658 | Tomb:1   | Got a pair of ichor-stained boots
 68659 | Tomb:1   | Identified the +2 pair of boots "Gop Zot" {rPois MR- Str+4 Int+4} (You found it on level 1 of the Tomb of the Ancients)
 69476 | Tomb:1   | Reached skill level 25 in Shields
 70047 | Tomb:2   | Noticed an ancient lich
 70713 | Tomb:1   | Killed an ancient lich
 72473 | Tomb:2   | Corrupted Tomb:2
 73908 | Tomb:1   | Reached XP level 26. HP: 123/240 MP: 34/34
 76007 | Tomb:3   | Entered Level 3 of the Tomb of the Ancients
 76188 | Tomb:2   | Lost intelligence.
 76583 | D:14     | Lost intelligence.
 77520 | Tomb:3   | Noticed an ancient lich
 77624 | Tomb:2   | Killed an ancient lich
 77732 | Tomb:2   | Reached skill level 26 in Shields
 78356 | Tomb:2   | HP: 12/248 [greater mummy/divine providence (15)]
 79699 | Tomb:3   | Gained mutation: You are frail (-10% HP). [a neqoxec]
 80442 | Tomb:3   | Noticed Khufu
 80468 | Tomb:2   | Killed Khufu
 80960 | Tomb:3   | Reached XP level 27. HP: 134/229 MP: 35/35
 81013 | Tomb:3   | Got a fine falchion
 81014 | Tomb:3   | Identified the +11 falchion "Iliytz" {freeze, MP+9} (You found it on level 3 of the Tomb of the Ancients)
 81323 | Tomb:3   | Got a steaming scimitar
 81324 | Tomb:3   | Identified the +4 scimitar of Ilexav {flame, Str+3} (You found it on level 3 of the Tomb of the Ancients)
 81326 | Tomb:3   | Identified the Reference Book on the Oath
 81331 | Tomb:3   | Got a smoking iron ring
 81332 | Tomb:3   | Identified the ring of Lych {MR+ Str+5 Stlth+} (You found it on level 3 of the Tomb of the Ancients)
 81376 | Tomb:3   | Got a crude amethyst amulet
 81377 | Tomb:3   | Identified the amulet "Xearchou" {Gourm rF+ rC+ Int+4} (You found it on level 3 of the Tomb of the Ancients)
 81480 | Tomb:3   | Got a golden rune of Zot
 82469 | Snake:4  | Bought a scroll of enchant armour for 195 gold pieces
 82520 | Snake:4  | Bought a scroll of blinking for 112 gold pieces
 82520 | Snake:4  | Bought a scroll of teleportation for 45 gold pieces
 82520 | Snake:4  | Bought 2 scrolls of teleportation for 90 gold pieces
 82520 | Snake:4  | Bought a scroll of summoning for 142 gold pieces
 82520 | Snake:4  | Bought 2 scrolls of teleportation for 90 gold pieces
 82520 | Snake:4  | Bought a scroll of enchant weapon for 112 gold pieces
 82520 | Snake:4  | Bought a scroll of enchant weapon for 112 gold pieces
 83284 | Orc:2    | Bought a scroll of fog for 26 gold pieces
 83284 | Orc:2    | Bought a scroll of enchant weapon for 97 gold pieces
 83314 | Orc:2    | Bought the +2 cloak of Starlight {rElec rC+ EV+4 Stlth--} for 1435 gold pieces
 83314 | Orc:2    | Bought a glowing plate armour for 667 gold pieces
 83610 | Depths:1 | Entered Level 1 of the Depths
 83823 | Depths:1 | Found a gateway to Hell.
 84295 | Depths:1 | Found a runed door.
 85244 | Slime:1  | Entered Level 1 of the Pits of Slime
 85393 | Slime:1  | Gained mutation: Your body sometimes deteriorates upon taking damage. [a shining eye]
 85395 | Slime:1  | Gained mutation: You have sharp fingernails. [a shining eye]
 85404 | Slime:1  | Lost mutation: You are frail (-10% HP). [potion of cure mutation]
 85404 | Slime:1  | Lost mutation: You tend to lose your temper in combat. [potion of cure mutation]
 85404 | Slime:1  | Lost mutation: Your body sometimes deteriorates upon taking damage. [potion of cure mutation]
 85404 | Slime:1  | Lost mutation: You have sharp fingernails. [potion of cure mutation]
 85618 | Slime:2  | Gained mutation: You are dopey. (Int -2) [a shining eye]
 85621 | Slime:2  | Gained mutation: You occasionally shout uncontrollably at your foes. [a shining eye]
 86114 | Slime:4  | Noticed Dissolution
 86127 | Slime:4  | Paralysed by a giant eyeball for 4 turns
 86152 | Slime:3  | Gained mutation: You are clumsy. (Dex -2) [a shining eye]
 86154 | Slime:3  | Paralysed by a giant eyeball for 3 turns
 86163 | Slime:3  | Killed Dissolution
 86163 | Slime:3  | Reached skill level 27 in Long Blades
 86629 | Slime:4  | Gained mutation: Armour fits poorly on your strangely shaped body. [a shining eye]
 86957 | Slime:5  | Gained mutation: You are frail (-10% HP). [a shining eye]
 86958 | Slime:5  | Gained mutation: You have large cloven feet. [a shining eye]
 87134 | Slime:6  | Entered Level 6 of the Pits of Slime
 87714 | Slime:6  | Noticed the Royal Jelly
 87720 | Slime:6  | Found a viscous altar of Jiyva.
 87768 | Slime:6  | Banished the Royal Jelly
 87768 | Slime:6  | Reached skill level 27 in Shields
 88887 | Slime:6  | Corrupted Slime:6
 88893 | Slime:6  | Gained mutation: You are very frail (-20% HP). [a shining eye]
 88972 | Slime:6  | Got a slimy rune of Zot
 88996 | Slime:6  | Got a pair of faintly humming boots
 88997 | Slime:6  | Identified the +0 pair of boots of Forking Paths {*Corrode rPois Str+2 SInv} (You found it on level 6 of the Pits of Slime)
 89019 | Slime:6  | Got a dazzling scimitar
 89020 | Slime:6  | Identified the +10 scimitar "Killer Klown's Bane" {slice, rElec rPois MP+9} (You found it on level 6 of the Pits of Slime)
 89551 | Hell     | Entered the Vestibule of Hell
 89551 | Hell     | Noticed Geryon
 89719 | Hell     | Killed Geryon
 90294 | Lair:1   | Upgraded the game from 0.18-a0-900-gbbf5c82 to 0.18-a0-912-g81d1dc4
 90974 | Hell     | Found a gateway to the North Pole.
 91118 | Hell     | Found a gateway to the Iron City of Dis.
 91139 | Dis:1    | Entered Level 1 of the Iron City of Dis
 91139 | Dis:1    | Found a gateway to Hell.
 91773 | Hell     | HP: 8/207 [iron giant's throw (61)]
 91775 | Hell     | Demolished by an iron giant

Vault maps used:
D:1:      sevenhm_arrival_forest_fort_large_4
D:2:      minmay_door_path, serial_glass, glass_columns_a, glass_columns_c,
          grunt_ministairs_9
D:3:      old_standard_altar, minmay_misc_feat_five
D:4:      lemuel_crystal_altar, first_bread, uniq_blork_the_orc, uniq_sigmund
D:5:      grunt_temple_overflow_open, kennysheep_mini,
          minmay_temple_entry_crystal_x, serial_shops, shop,
          corexii_corridor_pit
D:7:      kennysheep_six_static_rooms, hangedman_abyss_or_decor_passed
D:8:      basic_altar, special_room, hangedman_pestilent_swarm, uniq_pikel,
          uniq_prince_ribbit1
D:9:      gammafunk_temple_overflow_elements
D:10:     minmay_tri_box, minmay_lair_entry_lava, enter_bailey_3, serial_shops,
          shop
D:11:     nicolae_dithmenos_the_darkroom
D:12:     orc_0_dummy
D:13:     minmay_containers, portal_ice_cave_entry_pillars_02, basic_altar,
          uniq_rupert, uniq_frances
D:14:     hangedman_vaults_entry_quadrant_bands, minmay_misc_feat_more_columns
D:15:     grunt_enter_depths_magical_seal, serial_bayou_shore_b,
          fedhas_altar_fruit_tree
Lair:1:   guppyfry_lair_drakes, bh_autumn_forest_stairs, lemuel_fruit_fields
Lair:2:   uniq_urug
Lair:4:   minmay_swamp_entry_eels, grunt_megastairs_2, uniq_josephine,
          uniq_snorg, uniq_harold
Lair:5:   dummy_snake_entry, zaba_antful_of_joy, serial_bayou_shore_a,
          lemuel_fruit_tree
Lair:6:   minmay_lair_oklob_chamber, eino_house_with_fridge, grunt_megastairs_4,
          serial_bayou_shore_b
Lair:7:   eino_small_chamber_without_monster, forest_entry_grove,
          infiniplex_staircase_pool
Lair:8:   minmay_lair_end_frog_pond, slime_altar_1, uniq_maud
Swamp:1:  evilmike_swamp_ruin_house_4
Swamp:2:  evilmike_swamp_ruin_house_5, swamp_pool1
Swamp:3:  hangedman_swamp_lotus, uniq_louise
Swamp:4:  swamp_alternative
Snake:1:  cheibrodos_snake_ritualist_ritual, grunt_megastairs_3,
          serial_bayou_shore_b
Snake:4:  snake_pit, basic_altar, serial_shops, shop_scrolls,
          nicolae_shop_competitors_out_of_business
Slime:4:  uniq_dissolution
Orc:1:    basic_altar, nicolae_orc_sculptors_studio
Orc:2:    kennysheep_orc_mage_school, david_defended_altar_orc
Elf:1:    eino_elf_arrival_shootout, minmay_elf_annihilation, st_stairs_11
Elf:2:    serial_sigils, serial_sigils_hangedman_shear,
          serial_sigils_hangedman_gnaw, serial_sigils_hangedman_quiver,
          serial_shops, shop_coins, shop
Elf:3:    minmay_elf_hall_four_x, uniq_roxanne
Vaults:1: grunt_vaults_diagonal, hangedman_vaults_hat, vaults_room_fours,
          v_misc_5, v_misc_30, vaults_room_boxed, grunt_vaults_hallway_short,
          v_pattern_4, serial_ice_h, vaults_room_semicircle, vaults_mumra_lcd,
          vaults_room_door_ring, vaults_room_pool, vaults_dpeg_encased_lava,
          vaults_dpeg_spiral
Vaults:2: nicolae_vaults_little_squares_1, grunt_vaults_bifocal,
          nicolae_vaults_an_arrangement, hangedman_vaults_restitches, v_misc_10,
          v_misc_24, vaults_dpeg_ring, hangedman_vaults_river_flow,
          v_alt_pattern_6, vaults_room_semicircle, v_misc_26, v_rooms_6,
          ontoclasm_vaults_misaligned, nicolae_vaults_theta, v_misc_25
Vaults:3: ontoclasm_vaults_ligature, minmay_crypt_entry_simple_round,
          nicolae_vaults_ring_of_whatevers, vaults_mumra_chevron_long,
          kennysheep_vaults_gozag_temple, vaults_room_stairs_pillars,
          vaults_room_corners, serial_ice_m, v_alt_pattern_5, serial_shops, shop
Vaults:4: v_misc_30, vaults_mumra_hex, hangedman_vaults_nodes, v_alt_pattern_4,
          nicolae_vaults_little_squares_1, hangedman_vaults_nails,
          vaults_mumra_hexcomb, special_room_vaults,
          nicolae_vaults_ring_of_whatevers, vaults_room_pools
Vaults:5: serial_shops
Crypt:3:  david_glass_crypt, nicolae_tomb_entry_grand_gallery
Depths:1: grunt_hell_entry_dis_mu, kennysheep_decorative_pillar, spider_trap,
          minivault_22, fountainhead, lightli_giant_bouncers, firewood_loft
Dis:1:    evilmike_ambush
Abyss:3:  hangedman_summoners_spam
Abyss:4:  grunt_abyss_rune_the_horror
Bailey:   bailey_axe_4, bailey
IceCv:    ice_cave_caverns_03

Action                   |  1- 3 |  4- 6 |  7- 9 | 10-12 | 13-15 | 16-18 | 19-21 | 22-24 | 25-27 || total
-------------------------+-------+-------+-------+-------+-------+-------+-------+-------+-------++-------
Melee: Long sword        |    94 |   137 |   357 |   705 |    41 |    38 |    16 |   483 |  2131 ||  4002
       Falchion          |       |       |       |   191 |  1525 |  1786 |  1252 |  1930 |   186 ||  6870
       Scimitar          |       |       |       |       |       |     2 |   255 |       |       ||   257
Throw: Tomahawk          |       |       |       |    24 |       |    14 |       |     4 |       ||    42
       Javelin           |       |       |       |     8 |       |       |       |       |    46 ||    54
       Throwing net      |       |       |       |     1 |       |       |       |       |       ||     1
Invok: Brand Weapon With |       |       |       |     1 |       |       |       |       |       ||     1
       Depart the Abyss  |       |       |       |       |       |       |     2 |       |       ||     2
       Bend Space        |       |       |       |       |       |       |       |       |     7 ||     7
       Corrupt           |       |       |       |       |       |       |       |       |     2 ||     2
 Abil: Evoke Flight      |       |       |       |       |       |       |       |       |     1 ||     1
Evoke: Phial of floods   |       |       |       |       |       |       |     1 |     1 |     2 ||     4
       Rod               |       |       |       |       |       |       |     7 |       |     1 ||     8
       Wand              |       |       |       |       |       |       |       |     1 |     3 ||     4
       Lamp of fire      |       |       |       |       |       |       |       |       |     5 ||     5
       Fan of gales      |       |       |       |       |       |       |       |       |     2 ||     2
       Phantom mirror    |       |       |       |       |       |       |       |       |     1 ||     1
  Use: Scroll            |       |     5 |     1 |    16 |    13 |    10 |    16 |    16 |    28 ||   105
       Potion            |       |       |       |     5 |     2 |     1 |     3 |     2 |     8 ||    21
 Stab: Distracted        |       |       |       |       |     1 |       |       |     1 |    12 ||    14
       Paralysed         |       |       |       |       |       |       |       |       |     1 ||     1
  Eat: Chunk             |     1 |     5 |    10 |    29 |    35 |    28 |    29 |    33 |    25 ||   195
       Pizza             |       |     1 |       |       |       |       |       |       |       ||     1
       Beef jerky        |       |     1 |       |       |       |       |       |       |       ||     1
       Fruit             |       |       |     3 |       |       |       |       |       |    24 ||    27
       Bread ration      |       |       |       |       |       |     5 |     1 |     5 |    10 ||    21
       Meat ration       |       |       |       |       |       |       |     1 |       |     1 ||     2
